 Dungeon Crawl Stone Soup version 0.30-a0-924-g0ad0bf95bc (webtiles) character file.

Game seed: 2291761211982835979

459 horus123 the Covered (level 7, -7/54 HPs)
             Began as a Human Fighter on Mar 23, 2023.
             Killed from afar by Dowan (15 damage)
             ... with a stone arrow
             ... on level 4 of the Dungeon.
             The game lasted 00:04:46 (3210 turns).

horus123 the Covered (Human Fighter)                Turns: 3210, Time: 00:04:46

Health: -7/54      AC: 10    Str: 19    XL:     7   Next: 27%
Magic:  9/10       EV: 12    Int:  8    God:
Gold:   136        SH:  4    Dex: 12    Spells: 9/10 levels left

rFire   x . .      SeeInvis .    t - +5 dagger of Beyond {flame, rElec}
rCold   + . .      Faith    .    c - +0 buckler
rNeg    . . .      Spirit   .    h - +0 chain mail
rPois   .          Reflect  .    (no helmet)
rElec   +          Rampage  .    q - +0 cloak
rCorr   .                        (no gloves)
Will    .....                    (no boots) Stlth
                                 s - amulet of magic regeneration
HPRegen 0.29/turn                e - ring of ice
MPRegen 0.52/turn                u - +5 ring of evasion

@: mighty
A: no striking features
a: no special abilities


You were on level 4 of the Dungeon.
You visited 1 branch of the dungeon, and saw 4 of its levels.

You collected 136 gold pieces.

Inventory:

Hand Weapons
 a - a +0 flail
 t - the +5 dagger of Beyond (weapon) {flame, rElec}
   (You found it on level 3 of the Dungeon)

   rElec:     It insulates you from electricity.
Armour
 c - a +0 buckler (worn)
 h - a +0 chain mail (worn)
 q - a +0 cloak (worn)
 w - a +0 plate armour
Jewellery
 e - a ring of ice (left hand)
 s - an amulet of magic regeneration (around neck)
 u - a +5 ring of evasion (right hand)
Scrolls
 f - a scroll of fear {unknown}
 g - a scroll of silence {unknown}
 i - 2 scrolls of enchant armour {unknown}
 j - a scroll of teleportation {unknown}
 k - a scroll of identify {unknown}
 l - a scroll of vulnerability {unknown}
 o - 2 scrolls of immolation {unknown}
 v - a scroll of blinking {unknown}
 x - a scroll of magic mapping {unknown}
Potions
 b - a potion of resistance {unknown}
 m - a potion of mutation {unknown}
 n - a potion of attraction {unknown}
 p - a potion of degeneration {unknown}
 r - 2 potions of ambrosia {unknown}


   Skills:
 - Level 4.0 Fighting
 - Level 4.0 Short Blades
 - Level 3.3 Maces & Flails
 - Level 4.2 Armour
 - Level 3.0 Shields
 + Level 2.3 Spellcasting


You had 9 spell levels left.
You knew the following spells:

 Your Spells              Type           Power      Damage    Failure   Level
a - Sting                 Tmut/Pois      0%         1d3       99%         1

Your spell library contained the following spells:

 Spells                   Type           Power      Damage    Failure   Level
 Poisonous Vapours        Pois/Air       0%         N/A       100%        2
 Olgreb's Toxic Radiance  Pois           0%         N/A       100%        4


Dungeon Overview and Level Annotations

Branches:
Dungeon (4/15)
 Temple: D:4-7

Altars:

Annotations:
D:4 Dowan


Message History

You hit Duvessa but do no damage.
Duvessa is severely wounded.
Duvessa hits you but does no damage.
You hit Duvessa but do no damage.
Duvessa is severely wounded.
You block Duvessa's attack.
You hit Duvessa but do no damage.
Duvessa is severely wounded.
You hit Duvessa. You burn Duvessa.
Duvessa is almost dead.
Duvessa barely misses you.
You puncture Duvessa! You burn Duvessa.
You kill Duvessa!
Dowan seems overcome with grief.
Dowan seems to find hidden reserves of power!
Your Spellcasting skill gained 2 levels and is now at level 2!
You have reached level 7!
Things that are here:
a +0 short sword; a +0 ring mail Dowan hits you with a +0 dagger.
* * * LOW HITPOINT WARNING * * *
You block Dowan's attack.
You hit Dowan. You burn Dowan.
Dowan is lightly wounded.
Dowan barely misses you.
You hit Dowan but do no damage.
Dowan is lightly wounded.
Dowan hits you with a +0 dagger.
* * * LOW HITPOINT WARNING * * *
You feel very mighty all of a sudden. Dowan closely misses you.
Dowan casts a spell.
Dowan blinks!
Dowan hits you but does no damage. Dowan hits you with a +0 dagger.
* * * LOW HITPOINT WARNING * * *
You closely miss Dowan.
Dowan is lightly wounded.
Dowan gestures at you while chanting. The stone arrow hits you!
You die...

#####################
........@e..........#
###################.#
#.# #.# #.#
######.####
########.........#
.........####<##.#
########.####.##.#


You could see Dowan (fast).

Vanquished Creatures
  Grinder (D:3)
  Duvessa (D:4)
  Natasha (thrice) (D:2)
  2 adders
  A worm (D:2)
  3 dart slugs
  An endoplasm (D:4)
  4 giant cockroaches
  5 goblins
  6 hobgoblins
  5 jackals
  6 kobolds
  3 quokkas (D:3)
  7 ball pythons
  5 bats
  2 frilled lizards (D:1)
  6 rats
61 creatures vanquished.

Notes
Turn   | Place    | Note
-------+----------+-------------------------------------------
     0 | D:1      | horus123 the Human Fighter began the quest for the Orb.
     0 | D:1      | Reached XP level 1. HP: 18/18 MP: 1/1
   525 | D:1      | Reached XP level 2. HP: 24/24 MP: 2/2
   649 | D:1      | Found a faded altar of an unknown god.
  1077 | D:2      | Reached XP level 3. HP: 21/30 MP: 3/3
  1374 | D:2      | Noticed Natasha
  1385 | D:2      | Killed Natasha
  1386 | D:2      | Reached XP level 4. HP: 20/37 MP: 4/4
  1617 | D:2      | Noticed Natasha
  1622 | D:2      | Killed Natasha
  1646 | D:2      | Noticed Natasha
  1661 | D:2      | Killed Natasha
  1662 | D:2      | Reached XP level 5. HP: 9/42 MP: 5/5
  2571 | D:3      | Identified the +5 dagger of Beyond {flame, rElec}
  2689 | D:3      | Noticed Grinder
  2696 | D:3      | Paralysed by Grinder for 4 turns
  2728 | D:3      | Paralysed by Grinder for 3 turns
  2738 | D:3      | Paralysed by Grinder for 5 turns
  2747 | D:3      | Paralysed by Grinder for 3 turns
  2754 | D:3      | Paralysed by Grinder for 2 turns
  2758 | D:3      | Killed Grinder
  2759 | D:3      | Reached XP level 6. HP: 39/48 MP: 6/6
  3145 | D:4      | Learned a level 1 spell: Sting
  3174 | D:4      | Noticed Duvessa
  3175 | D:4      | Noticed Dowan
  3202 | D:4      | Killed Duvessa
  3203 | D:4      | Reached XP level 7. HP: 13/54 MP: 6/10
  3210 | D:4      | Killed from afar by Dowan

Illustrated notes

Levels and vault maps discovered:
D:1:      lemuel_arrival_hallway, layout_loops_corners,
          hellmonk_ecumenical_altar_crossroads, nrook_loot_triangle
D:2:      layout_basic, corexii_hall_statues_s, grunt_ministairs_9, uniq_natasha
D:3:      layout_loops_ring, uniq_grinder
D:4:      layout_loops_ring, lemuel_mausoleum_altar_yredelemnul,
          minmay_temple_entry_from_below_b, uniq_duvessa, uniq_robin,
          uniq_menkaure

Skill      XL: |  1  2  3  4  5  6 |
---------------+-------------------+-----
Fighting       | 4 |  4.0
Armour         | 4 |  4.2
Maces & Flails | 3 |  3.3
Short Blades   | 3 4 |  4.0
Spellcasting   | 2 |  2.3
Shields        | |  3.0

Action                     |  1- 3 |  4- 6 |  7- 9 || total
---------------------------+-------+-------+-------++-------
  Melee: Flail             |   116 |   103 |       ||   219
         Dagger            |       |    75 |     3 ||    78
    Use: Potion            |       |     3 |     1 ||     4
 Armour: Scale mail        |    11 |       |       ||    11
         Chain mail        |    61 |    84 |     1 ||   146
         Plate armour      |       |     2 |       ||     2
  Dodge: Dodged            |    39 |    74 |     2 ||   115
  Block: Buckler           |    24 |    32 |     1 ||    57

Table legend: (Time is in decaauts)
 A = Elapsed time spent in this place.
 B = Non-inter-level travel time spent in this place.
 C = Inter-level travel time spent in this place.
 D = Time resting spent in this place.
 E = Time spent auto-exploring this place.
 F = Levels seen in this place.
 G = Mean time per level.
                   A        B        C        D        E       F      G
               +--------+--------+--------+--------+--------+-----+--------+
         Total |   3273 |   3205 |     68 |    433 |   2098 |   4 |  818.2 |
       Dungeon |   3273 |   3205 |     68 |    433 |   2098 |   4 |  818.2 |
               +--------+--------+--------+--------+--------+-----+--------+

Top non-repeatable levels by time:
     D:2: 1407 daAuts
     D:1: 908 daAuts
     D:3: 811 daAuts
     D:4: 145 daAuts
